 Dungeon Crawl Stone Soup version 0.29.0-5-ge4962eb29e (webtiles) character file.

Game seed: 9611541937558141001

1137 sanka the Grappler (level 8, -1/74 HPs)
             Began as a Troll Monk on Aug 29, 2022.
             Slain by a gnoll sergeant
             ... wielding a +2 vorpal trident
              (7 damage)
             ... on level 7 of the Dungeon.
             The game lasted 00:05:24 (4134 turns).

sanka the Grappler (Troll Monk)                     Turns: 4134, Time: 00:05:24

Health: -1/74      AC:  4    Str: 22    XL:     8   Next: 14%
Magic:  7/7        EV: 10    Int:  6    God:
Gold:   414        SH:  0    Dex: 12    Spells: 7/7 levels left

rFire   . . .      SeeInvis .     - Unarmed
rCold   . . .      Faith    .   (no shield)
rNeg    . . .      Spirit   .   a - +0 robe
rPois   .          Reflect  .   (helmet restricted)
rElec   .          Harm     .   (no cloak)
rCorr   .          Rampage  .   (gloves unavailable)
Will    .....                   (boots unavailable)
Stlth   +.........              (no amulet)
HPRegen 1.02/turn               (no ring)
MPRegen 0.10/turn               (no ring)

@: confused, lethally poisoned (-1 -> -2), ambrosia-drunk
A: large, unfitting armour, claws 3, regeneration 1, shaggy fur 1, tough skin 1
a: no special abilities


You were on level 7 of the Dungeon.
You visited 1 branch of the dungeon, and saw 7 of its levels.

You collected 414 gold pieces.


Innate Abilities, Weirdness & Mutations

You are too large for most types of armour.
You have claws for hands.
Your natural rate of healing is unusually fast.
You are covered in fur. (AC +1)
You have tough skin. (AC +1)


   Skills:
 + Level 2.7 Fighting
 - Level 2.4 Dodging
 - Level 1.0 Stealth
 + Level 10.1 Unarmed Combat


You had 7 spell levels left.
You didn't know any spells.
Your spell library contained the following spells:

 Spells                   Type           Power      Damage    Failure   Level
 Apportation              Tloc           0%         N/A       45%         1
 Necrotise                Necr           0%         1d4       45%         1
 Summon Small Mammal      Summ           0%         N/A       45%         1
 Scorch                   Fire           0%         2d5       58%         2
 Gell's Gravitas          Tloc           0%         N/A       83%         3
 Lesser Beckoning         Tloc           0%         N/A       83%         3
 Teleport Other           Tloc           0%         N/A       83%         3
 Flame Wave               Conj/Fire      0%         2d4       99%         4
 Dispersal                Tloc           0%         N/A       100%        6
 Summon Cactus Giant      Summ           0%         N/A       100%        6

Inventory:

Missiles
 e - 5 curare-tipped darts {=f}
 u - 2 throwing nets {=f}
Armour
 a - a +0 robe (worn)
 t - a +0 kite shield
Jewellery
 d - a ring of wizardry
 g - a ring of fire
Wands
 q - a wand of flame (11)
 w - a wand of mindburst (9)
 C - a wand of iceblast (3)
Scrolls
 c - a scroll of enchant armour {unknown}
 f - a scroll of noise {unknown}
 i - 5 scrolls of identify {unknown}
 m - 3 scrolls of fear {unknown}
 n - a scroll of magic mapping {unknown}
 o - a scroll of blinking {unknown}
 s - 4 scrolls of teleportation {unknown}
 x - a scroll of vulnerability {unknown}
 y - a scroll of summoning {unknown}
 B - a scroll of acquirement {unknown}
Potions
 h - a potion of cancellation {unknown}
 j - 2 potions of flight {unknown}
 k - a potion of invisibility {unknown}
 l - 2 potions of might {unknown}
 p - 2 potions of lignification {unknown}
 r - a potion of curing {unknown}
 v - 2 potions of heal wounds {unknown}
 z - a potion of brilliance {unknown}
 A - a potion of berserk rage {unknown}
 D - a potion of mutation {unknown}

Dungeon Overview and Level Annotations

Branches:
Dungeon (7/15)
 Temple: D:4-7

Altars:
Cheibriados
Okawaru
Qazlal
Vehumet
Wu Jian

Shops:
D:4

= ▒.▒ ▒.▒ ▒)▒ ▒.▒▒▒▒▒▒.▒
▒.▒▒..▒ .....)[..▒
▒.▒▒..▒ ▒.▒▒▒▒▒▒▒▒
▒.▒▒..▒ ▒.▒ ▒.▒▒..▒
▒.▒▒▒▒ ▒.▒▒..▒ .....▒
▒.▒▒..▒
▒▒▒▒.▒▒▒▒▒▒▒▒.▒▒).▒▒▒▒▒▒
▒ ▒.▒.........)Tg.....▒
▒ ▒.▒.▒▒▒▒▒▒.▒▒........
▒ ▒.▒.▒ ▒.▒.▒g.▒▒.▒.. ▒
▒.▒.▒ ▒.▒ ▒...▒ ▒ ▒
▒.▒.▒ ▒▒ ▒... ▒▒▒▒.▒.▒
▒▒▒▒▒ (......▒
▒▒..▒..▒▒▒▒▒▒▒▒
▒▒.▒▒▒.........


You could see a gnoll sergeant and a gnoll.


Message History

The gnoll sergeant is moderately wounded.
The gnoll sergeant hits you with a +2 vorpal trident!
* * * LOW HITPOINT WARNING * * *
* * * LOW HITPOINT WARNING * * *
You completely miss the gnoll sergeant.
The gnoll sergeant is moderately wounded.
The gnoll throws a poisoned dart.
The poisoned dart hits you!
You are poisoned.
The gnoll sergeant hits you with a +2 vorpal trident!
* * * LOW HITPOINT WARNING * * *
* * * LOW HITPOINT WARNING * * *
You mangle the gnoll sergeant!!
The gnoll sergeant is almost dead.
* * * LOW HITPOINT WARNING * * *
You feel sick.
Unknown command.
You are confused.
You feel invigorated.
You feel sick. The gnoll closely misses you.
The gnoll sergeant closely misses you.
Unknown command.
Unknown command.
You closely miss the gnoll sergeant.
The gnoll sergeant is almost dead.
You feel sick. The gnoll closely misses you.
The gnoll sergeant hits you with a +2 vorpal trident!
You die...

Action                   |  1- 3 |  4- 6 |  7- 9 || total
-------------------------+-------+-------+-------++-------
Melee: Unarmed           |   118 |    90 |    75 ||   283
       Punch             |       |     4 |     2 ||     6
  Use: Potion            |       |       |     1 ||     1
 Stab: Sleeping          |     6 |     1 |       ||     7
Armor: Robe              |    44 |    29 |    13 ||    86
Dodge: Dodged            |    68 |    34 |    33 ||   135

Levels and vault maps discovered:
D:1:      saegor_arrival_simple_e, layout_loops_corners,
          shapermc_ecumenical_altar_acropolis, serial_bayou_crossing
D:2:      layout_basic, kennysheep_big_empty_room, nrook_mini_backslash
D:3:      layout_loops_ring, lemuel_coloured_pillars_altar
D:4:      layout_rooms, gammafunk_temple_overflow_wave, serial_shops, shop,
          uniq_natasha
D:5:      layout_loops_cross
D:6:      kennysheep_big_flooded_room, layout_loops_ring,
          nicolae_overflow_hidden_temple, minmay_temple_entry_drinking_statues,
          uniq_menkaure
D:7:      layout_loops_ring, nzn_overflow_gifts_of_might_and_magic

Notes
Turn   | Place    | Note
-------+----------+-------------------------------------------
     0 | D:1      | sanka the Troll Monk began the quest for the Orb.
     0 | D:1      | Reached XP level 1. HP: 22/22 MP: 0/0
   298 | D:1      | Reached XP level 2. HP: 29/29 MP: 1/1
   472 | D:1      | Found a faded altar of an unknown god.
   984 | D:2      | Reached skill level 4 in Unarmed Combat
  1120 | D:2      | Reached XP level 3. HP: 36/36 MP: 2/2
  1983 | D:3      | Reached XP level 4. HP: 43/44 MP: 3/3
  2016 | D:3      | Reached skill level 5 in Unarmed Combat
  2095 | D:3      | Found a stormy altar of Qazlal.
  2356 | D:4      | Noticed Natasha
  2363 | D:4      | Killed Natasha
  2364 | D:4      | Reached XP level 5. HP: 42/50 MP: 4/4
  2366 | D:4      | Reached skill level 6 in Unarmed Combat
  2391 | D:4      | Found Damiutig's Jewellery Shop.
  2711 | D:4      | Noticed Natasha
  2715 | D:4      | Killed Natasha
  2723 | D:4      | Noticed Natasha
  2731 | D:4      | Killed Natasha
  2732 | D:4      | Reached XP level 6. HP: 59/59 MP: 5/5
  3004 | D:4      | Found a radiant altar of Vehumet.
  3004 | D:4      | Found a snail-covered altar of Cheibriados.
  3054 | D:5      | Entered Level 5 of the Dungeon
  3063 | D:5      | Reached skill level 7 in Unarmed Combat
  3224 | D:5      | Noticed an ice beast
  3231 | D:5      | Killed an ice beast
  3260 | D:5      | Reached skill level 8 in Unarmed Combat
  3260 | D:5      | Reached XP level 7. HP: 21/66 MP: 6/6
  3782 | D:6      | Found an iron altar of Okawaru.
  3784 | D:6      | Found an ornate altar of the Wu Jian Council.
  3924 | D:7      | Reached skill level 9 in Unarmed Combat
  4018 | D:7      | Reached XP level 8. HP: 72/74 MP: 7/7
  4103 | D:7      | Reached skill level 10 in Unarmed Combat
  4131 | D:7      | HP: 6/74 [gnoll sergeant/+2 vorpal trident (10)]
  4132 | D:7      | HP: 2/74 [poisoned by a gnoll]
  4134 | D:7      | Slain by a gnoll sergeant

Vanquished Creatures
  2 ice beasts
  2 ogres (D:5)
  A centaur (D:5)
  A kobold brigand (D:7)
  3 killer bees (D:7)
  2 howler monkeys (D:7)
  An orc priest (D:3)
  A jelly (D:4)
  2 hounds
  Natasha (thrice) (D:4)
  2 orc wizards (D:5)
  4 gnolls (D:7)
  6 adders
  A white imp (D:5)
  2 dart slugs (D:2)
  9 orcs
  4 ball pythons
  7 bats
  14 endoplasms
  A giant cockroach (D:4)
  5 goblins
  5 hobgoblins
  6 jackals
  9 kobolds
  5 quokkas
  A frilled lizard (D:3)
  3 rats
102 creatures vanquished.
